[Event "French-ch U12-U14 2024"]
[Site "Agen"]
[Date "2024.04.18"]
[Round "6.8"]
[White "Landolsi, Iyad"]
[Black "El Zein, Bassam"]
[Result "0-1"]
[ECO "B30"]
[WhiteElo "1970"]
[BlackElo "1924"]
[Annotator "TA"]
[PlyCount "226"]
[EventDate "2024.04.14"]
[EventType "swiss"]
[EventCountry "FRA"]
[SourceTitle "playchess.com"]
[Source "ChessBase"]
[SourceQuality "1"]
[TimeControl "5400+30"]

1. e4 c5 2. Nf3 Nc6 3. Bb5 e6 4. Bxc6 bxc6 5. d3 Ne7 6. h4 d6 7. e5 dxe5 8. Nxe5 f6 {[%emt 0:00:13] The position is equal.} 9. Nc4 e5 10. Nc3 Be6 11. Ne4 {[%emt 0:09:36] Ncd6+ is the strong threat. A dynamic duo of knights.} Nd5 12. Qe2 Be7 13. O-O O-O 14. b3 Qe8 15. Bd2 Rd8 16. Rfe1 Bf7 17. Ng3 Qd7 18. a3 Rfe8 19. Qf3 Nc7 20. Nf5 Bf8 21. Nfe3 (21. Ba5 {is interesting.} Bd5 22. Qh3 g6 23. Qg3) 21... Ne6 22. Qf5 Qe7 23. Qg4 (23. Qh3 {simplifies} Nd4 24. Rac1 g6 25. Nb2) 23... Nd4 24. Nf5 Nxf5 25. Qxf5 Be6 26. Qf3 Qf7 $1 27. Qg3 Rd4 28. f3 Qh5 $1 29. Re4 Bd5 30. Rxd4 cxd4 31. Bb4 c5 32. Bd2 Qf7 33. Rb1 Qb7 34. Qe1 Rb8 35. Na5 Qf7 36. Nc4 Qg6 37. Kh1 Qh5 38. Kg1 Qg6 39. Kh1 $1 Qf5 40. Qf1 (40. Kg1 $15) 40... Qh5 $17 41. Qf2 Be7 42. Kg1 (42. Qe1 $15) 42... Qg6 43. Qf1 Qf5 {[%emt 0:04:24] Black is more active.} 44. Qe1 Qe6 45. Kh1 Qa6 46. a4 Re8 47. Qg3 Bf7 48. Re1 Qc6 (48... Bxc4 $1 $17 49. bxc4 Qxa4) 49. Qg4 (49. f4 $11) 49... Be6 $15 50. Qg3 Kh8 (50... Bxc4 $17 51. bxc4 Qxa4) 51. h5 h6 (51... Bxc4 $15 52. bxc4 Qxa4) 52. Qg6 (52. Bxh6 $11 gxh6 53. Nxe5) 52... Rf8 (52... Bf8 $1 $15) 53. Kg1 Qd7 54. Qg3 Bf7 55. Re4 (55. Qh3 $11 {remains equal.} Qxh3 56. gxh3) 55... Bxh5 (55... Re8 $17 56. f4 Bxc4 (56... Bxh5 57. fxe5 Bf7 58. exf6 $14) 57. bxc4 Bd6 58. fxe5 fxe5 (58... Bxe5 59. Bf4 $11)) 56. Qh4 (56. Nxe5 $1 $11 fxe5 57. Qxe5 Bxf3 (57... Bg5 58. Bxg5 hxg5 59. Qxg5 $11) 58. Qxe7 Qxe7 59. Rxe7) 56... Qe8 {[%emt 0:00:41] aiming for ...f5.} 57. Qh3 Bg6 58. Re1 Qf7 59. Qg3 (59. Qd7 $11 {keeps the balance.}) 59... Bh7 (59... Bf5 $17) 60. Qh3 Qg6 (60... Bd8 $15 {keeps the upper hand.}) 61. Qh4 $2 (61. Qd7 $16 Qe8 62. Qxa7) 61... Bd8 $36 {[%emt 0:00:10][%mdl 2048] Black is more active.} 62. Qh3 Bg8 (62... Qf7 $15 63. f4 Bc7) 63. Nd6 $2 {[%emt 0:00:46] Black continues to play with concentration.} (63. Qc8 $11) 63... Bc7 (63... f5 $17 64. Nc4 Bxc4 65. bxc4 Bc7) 64. Ne4 ({White should try} 64. Qd7 $1 $15 Bd5 65. Rf1 (65. Qxc7 $2 Bxf3 $19) 65... Bxd6 66. Qxd6) 64... f5 $19 65. Nxc5 {[%emt 0:00:31] [#]} (65. Nf2 {is a better defense.}) 65... Qc6 $1 66. b4 {[%emt 0:00:33] [#]} a5 $1 {[%emt 0:00:44] Threatens to win with ...axb4.} 67. Re2 (67. Bxh6 $142 Qxh6 (67... gxh6 $2 68. Nd7 $19) 68. Qxh6+ gxh6 69. bxa5) 67... axb4 68. Bxb4 Bd6 69. Qg3 Bxc5 70. Bxc5 Qxc5 71. Qxe5 Qb4 72. Qe7 Qxe7 (72... Qxa4 $2 73. Qxf8 Qd7 74. Re8 $18 (74. Re7 Qxe7 75. Qxe7 Kh7 $18) (74. Re7 Qxe7 75. Qxe7 Kh7 $18)) 73. Rxe7 {[%emt 0:00:01][%mdl 4096] Endgame. KRB-KR} Ra8 74. Re5 Rxa4 75. Rxf5 Kh7 76. Rc5 Kg6 77. Kf2 Kf6 78. Kg3 Ra6 79. c3 $2 (79. f4) 79... Ra3 80. cxd4 Rxd3 81. Rc8 Be6 82. Rf8+ Bf7 83. Rd8 Ke7 84. Ra8 Rxd4 {[%emt 0:00:02] And now ...Kf6 would win.} 85. Ra7+ Kf6 86. Ra6+ Be6 87. Rb6 g5 88. Rb8 h5 89. Rf8+ Kg7 90. Re8 h4+ 91. Kh2 Kf7 (91... Kf6 $142 92. Rf8+ Bf7 93. Kg1 Rd2 94. Ra8 Bd5 95. Ra5 Kg6 96. Ra6+ Kf5 97. Ra7 h3 98. gxh3 Kf4 (98... Bxf3 99. Ra4 $19) 99. Kf1 Bxf3 (99... Kxf3 100. Ra3+ Kf4 101. Ke1 $19) 100. Ra5 Rd5 101. Ra1 Rd1+ (101... Kg3 {is a self mate.} 102. Ke1) 102. Rxd1 Bxd1 103. Kf2 Ba4 104. Kg1 Bd7 105. Kg2 Bf5 106. Kg1 Bxh3 107. Kf2 g4 108. Ke2 g3 109. Ke1 g2 110. Kf2 Ke4 111. Kg1 Kf3 112. Kh2 Kf2 113. Kxh3 g1=Q (113... g1=R {leads to mate.} 114. Kh4 Ke3 115. Kh3 Kf4 116. Kh2 Rg3 117. Kh1 Ke3 118. Kh2 Kf2 119. Kh1 Rh3#) 114. Kh4 Qg6 115. Kh3 Qh5#) 92. Rh8 (92. Rb8 $19) 92... Rd2 {[%emt 0:00:20] ( -> ...h3)} 93. Kg1 Kf6 94. f4 gxf4 95. Rxh4 Kg5 96. Rh7 Bd5 97. Rg7+ Kf6 98. Rg4 Kf5 99. Rg7 Ke5 100. Rg4 Kf5 101. Rg7 Ke4 102. Re7+ Kd4 103. Rg7 Ke3 104. Re7+ Be4 105. Rg7 Rd1+ 106. Kh2 Kf2 107. Rg4 Ke3 108. Rg7 $1 Bd5 109. Rg5 Kf2 110. Rg4 f3 $2 (110... Rd4 {mates} 111. Rh4 Kf1 (111... Bxg2 112. Rxf4+ Rxf4 $11) 112. Rg4 Ra4 113. g3 Ra2+ 114. Kh3 f3 115. Rf4 f2 116. g4 Ke2 117. Rf8 Ra3+ (117... f1=R 118. Rxf1 Kxf1 119. Kg3 Rf2 120. Kh4 Kg2 121. g5 Bf7 122. g6 Bxg6 123. Kg5 Be4 124. Kh6 Rf7 125. Kh5 Kf3 126. Kg5 Bd3 127. Kh6 Kf4 128. Kh5 Rh7#) 118. Kh4 Bf3 (118... f1=R 119. Re8+ Kf3 120. Rf8+ Kg2 121. Re8 Bf3 122. Rf8 Ra4 123. Kg5 Rxg4+ 124. Kf5 Be4+ 125. Ke6 Rxf8 126. Ke5 Rb8 127. Kd6 Rg6+ 128. Ke5 Kf3 129. Kd4 Rc6 130. Ke5 Rb5+ 131. Kd4 Rd5#) 119. Kg5 f1=Q (119... f1=R 120. Rh8 $19) 120. Re8+ Re3 121. Rxe3+ Kxe3 122. Kf6 Bxg4+ 123. Kg7 Qf4 124. Kg6 Qf8 125. Kg5 Be2 126. Kg6 Kf4 127. Kh7 Bd3#) 111. Rg5 $2 (111. gxf3 $17 Rb1 (111... Bxf3 $2 112. Rg2+ Ke3 113. Rg1 $19) 112. Rg2+ Kxf3 113. Rg3+ Kf2 (113... Kf4 $2 114. Rg4+ Kf5 115. Rh4 $17) 114. Rg2+ Ke3 115. Rg5) 111... Rd4 {[%emt 0:00:00][%cal Rd4h4] Black mates.} 112. Rh5 fxg2 113. Kh3 Be6+ {[%emt 0:00:00] Weighted Error Value: White=0.21 (precise) /Black=0.22 (precise) .  Mistake:       	White=13    	Black=9      Inaccurate:     	White=9     	Black=7      OK:         	White=16    	Black=21     Best:        	White=2     	Black=3      Strong:       	White=1     	Black=4} 0-1

[Event "French-ch U12-U14 2024"]
[Site "Agen"]
[Date "2024.04.18"]
[Round "6.9"]
[White "Sagi, Elisha"]
[Black "Bauer, Pierre"]
[Result "1-0"]
[ECO "B70"]
[WhiteElo "1896"]
[BlackElo "1849"]
[Annotator "NA RC COMBH"]
[PlyCount "63"]
[EventDate "2024.04.14"]
[EventType "swiss"]
[EventCountry "FRA"]
[SourceTitle "playchess.com"]
[Source "ChessBase"]
[SourceQuality "1"]
[TimeControl "5400+30"]

1. e4 c5 2. Nf3 g6 3. d4 cxd4 4. Nxd4 Bg7 5. Nc3 Nc6 6. Nde2 d6 7. h3 Nf6 8. g3 O-O 9. Bg2 Bd7 10. O-O Rb8 11. a4 a6 12. Be3 b5 13. axb5 axb5 14. Nd5 Ne8 15. Nd4 Nxd4 16. Bxd4 f5 17. Ba7 Rb7 18. exf5 Bxf5 19. Nf6+ Bxf6 20. Qd5+ Kh8 21. Qxb7 Bxb2 22. Rab1 Bg7 23. Rxb5 e6 24. Qb8 Qxb8 25. Rxb8 Bxc2 26. Rc1 Ba4 27. Rc4 Bd7 28. Rb7 d5 29. Rc1 Nf6 30. Rcc7 e5 31. g4 Rc8 32. Rxc8+ 1-0

[Event "French-ch U12-U14 2024"]
[Site "Agen"]
[Date "2024.04.18"]
[Round "6.10"]
[White "Menager, Steven"]
[Black "Bocquenet-Drouode, Hugo"]
[Result "1/2-1/2"]
[ECO "B59"]
[WhiteElo "1800"]
[BlackElo "1974"]
[Annotator "TA"]
[PlyCount "56"]
[EventDate "2024.04.14"]
[EventType "swiss"]
[EventCountry "FRA"]
[SourceTitle "playchess.com"]
[Source "ChessBase"]
[SourceQuality "1"]
[TimeControl "5400+30"]

1. e4 c5 2. Nf3 Nc6 3. d4 cxd4 4. Nxd4 Nf6 5. Nc3 d6 6. Be2 e5 7. Nb3 Be7 8. Bg5 Nxe4 9. Bxe7 (9. Nxe4 $142 Bxg5 10. Nxd6+ Ke7 11. Nxc8+ Rxc8 12. h4) 9... Nxc3 $11 10. Bxd8 Nxd1 11. Rxd1 {[%emt 0:00:09] The position is equal.} Kxd8 12. Rxd6+ Ke7 13. Rd2 Bf5 14. O-O Rac8 15. c3 b6 16. Ba6 Rcd8 17. Bb5 Rxd2 18. Nxd2 Nb8 19. Re1 Kf6 20. Nf3 a6 21. Ba4 b5 22. Bb3 Nd7 23. Rd1 Ke7 {[%emt 0:02:44] Repels Rd6} 24. Re1 Kf6 25. Rd1 Ke7 {[%emt 0:00:10] Against Rd6} 26. Re1 Kf6 27. Rd1 Ke7 {[%emt 0:00:13] Against Rd6} 28. Re1 Kf6 {[%emt 0:00:08] A rather calm draw.   Weighted Error Value: White=0.07 (flawless) /Black=0.05 (flawless) .  OK:         	White=11    	Black=9      Best:        	White=1     	Black=2} 1/2-1/2

[Event "French-ch U12-U14 2024"]
[Site "Agen"]
[Date "2024.04.18"]
[Round "6.11"]
[White "Ourry, Elina"]
[Black "Bernard, Ines"]
[Result "0-1"]
[ECO "D45"]
[WhiteElo "1678"]
[BlackElo "1981"]
[Annotator "TA"]
[PlyCount "112"]
[EventDate "2024.04.14"]
[EventType "swiss"]
[EventCountry "FRA"]
[SourceTitle "playchess.com"]
[Source "ChessBase"]
[SourceQuality "1"]
[TimeControl "5400+30"]

1. d4 d5 2. c4 c6 3. Nf3 Nf6 4. Nc3 a6 5. e3 e6 6. Qc2 Nbd7 7. Bd3 dxc4 8. Bxc4 b5 9. Bd3 {[%emt 0:03:49] The position is equal.} c5 10. b3 (10. a4 $11) 10... Bb7 $17 {[%emt 0:04:11] Hoping for ...cxd4.} 11. Ne4 Rc8 {[%emt 0:04:29] White must now prevent ...Nxe4.} 12. Qb1 (12. O-O $17) 12... cxd4 $19 13. O-O {[%emt 0:06:27] [#]} Bb4 $2 (13... Bxe4 $1 $19 14. Bxe4 Nc5) 14. Nxd4 $15 (14. Nxf6+ Nxf6 15. a4 Bxf3 16. gxf3 Qd5 17. axb5 axb5 $19) 14... Bxe4 15. Bxe4 Bc3 16. Bb7 Bxa1 17. Bxc8 (17. Qxa1 $14 O-O 18. Bxc8 (18. Bxa6 Rc5 $14) 18... Qxc8 19. Ba3) 17... Bxd4 $11 18. Bxd7+ Nxd7 19. exd4 O-O 20. Bb2 Nb6 21. Qe4 Nd5 22. Rc1 h6 23. h3 Qg5 24. a3 Rd8 25. Rc5 Qd2 26. Rc2 {[%emt 0:01:06] White is on the road to losing.} (26. Qc2 $15 Qe1+ 27. Kh2) 26... Qd1+ $17 27. Kh2 {[%emt 0:00:02] [#]} Nf4 $1 $36 {[%emt 0:02:33][%mdl 2560] White is under strong pressure.} 28. b4 (28. Rc1 Qxb3) 28... Nd3 {[%emt 0:04:48] Against Rc1. Black has more active pieces.} 29. Qe2 Nxb2 30. Rxb2 Qxd4 {[%emt 0:00:21][%mdl 4096] Endgame. KQR-KQR} 31. Rc2 (31. Rb3 $17 {was worth a try.}) 31... Qd3 $19 32. Qxd3 (32. Ra2 {is a better defense.}) 32... Rxd3 {[%emt 0:00:02] KR-KR} 33. Ra2 Kh7 34. g3 Kg6 35. h4 Kf5 36. Kg2 h5 37. Kf1 Ke4 38. Ke2 f6 39. Ra1 e5 40. Ra2 g6 41. Ra1 f5 42. Ra2 f4 43. gxf4 exf4 44. Rc2 Rxa3 45. Rc6 Ra2+ 46. Kf1 Kf3 47. Rc3+ Kg4 48. Rc6 f3 {[%emt 0:03:44] ( -> ...Ra1+)} 49. Rxg6+ Kxh4 50. Kg1 Ra1+ 51. Kh2 Rf1 $2 (51... Ra4 $19 52. Rg3 Rxb4 53. Rxf3 a5 54. Rh3+ Kg5) 52. Rxa6 $2 (52. Rg4+ $11 Kxg4) 52... Rxf2+ 53. Kg1 Rb2 {[%emt 0:00:11][%cal Oh4g3] Strongly threatening ...Kg3!} 54. Rf6 Kg4 ({Weaker is} 54... Rxb4 55. Rxf3 Kg5 56. Rd3 $17) 55. Rg6+ Kf5 56. Rg8 Rg2+ {[%emt 0:00:25] Weighted Error Value: White=0.44/Black=0.31.  Loses game:     	White=1     	---        Missed win:     	---       	Black=1      Mistake:       	White=6     	---        Inaccurate:     	White=4     	Black=2      OK:         	White=11    	Black=19     Best:        	White=1     	Black=2} 0-1

[Event "French-ch U12-U14 2024"]
[Site "Agen"]
[Date "2024.04.18"]
[Round "6.14"]
[White "Dubin, Lisa"]
[Black "Rachid, Natalia"]
[Result "1-0"]
[ECO "B22"]
[WhiteElo "1711"]
[BlackElo "1575"]
[Annotator "NA RC COMBH"]
[PlyCount "149"]
[EventDate "2024.04.14"]
[EventType "swiss"]
[EventCountry "FRA"]
[SourceTitle "playchess.com"]
[Source "ChessBase"]
[SourceQuality "1"]
[TimeControl "5400+30"]

1. e4 c5 2. Nf3 Nc6 3. c3 d5 4. e5 Bf5 5. d4 e6 6. Bd3 Bxd3 7. Qxd3 Qb6 8. dxc5 Bxc5 9. O-O Qc7 10. b4 Nxe5 11. Nxe5 Bd6 12. Nf3 h6 13. Re1 Nf6 14. Na3 a6 15. h3 O-O 16. Bb2 Rac8 17. Rac1 Rfd8 18. Nc2 Ne4 19. Ncd4 Nf6 20. g4 e5 21. Nxe5 Bxe5 22. Nf5 Bf4 23. Rc2 Re8 24. Rce2 Bh2+ 25. Kg2 Rxe2 26. Rxe2 Bd6 27. f3 Kf8 28. Qd4 Rd8 29. h4 Bh2 30. Kh1 Bf4 31. Ba3 b5 32. Rg2 Qe5 33. Qc5+ Kg8 34. Qb6 Re8 35. Qd4 Qxd4 36. Nxd4 Rc8 37. Bb2 Be5 38. Ne2 Kf8 39. Kg1 Ra8 40. Kf1 a5 41. bxa5 Rxa5 42. a3 Bd6 43. Nd4 Bxa3 44. Bxa3+ Rxa3 45. Rc2 Ra5 46. Rb2 Ra1+ 47. Kg2 Rc1 48. Nxb5 Ra1 49. Kf2 Ra8 50. Nd4 Rc8 51. Rb3 g6 52. Ke3 Ke7 53. Kd3 Nd7 54. Rb7 Ke8 55. Ra7 Ne5+ 56. Kd2 Nc4+ 57. Kc2 Ne3+ 58. Kd3 Nc4 59. Nb5 Kf8 60. Kd4 Nb6 61. Nd6 Rd8 62. Nxf7 Nc8 63. Nxd8 Nxa7 64. Kxd5 Nc8 65. c4 Ke7 66. Nc6+ Kf7 67. Ne5+ Kf6 68. c5 g5 69. h5 Kg7 70. Ke6 Kh7 71. Kd7 Na7 72. c6 Nxc6 73. Nxc6 Kg7 74. Ke7 Kg8 75. Kf6 1-0

[Event "French-ch U12-U14 2024"]
[Site "Agen"]
[Date "2024.04.18"]
[Round "6.15"]
[White "Fischler, Ines"]
[Black "Strievi, Leonie"]
[Result "1-0"]
[ECO "B30"]
[WhiteElo "1698"]
[BlackElo "1602"]
[Annotator "NA RC COMBH"]
[PlyCount "87"]
[EventDate "2024.04.14"]
[EventType "swiss"]
[EventCountry "FRA"]
[SourceTitle "playchess.com"]
[Source "ChessBase"]
[SourceQuality "1"]
[TimeControl "5400+30"]

1. e4 c5 2. Nf3 Nc6 3. Bb5 a6 4. Bxc6 bxc6 5. d4 cxd4 6. Qxd4 Nf6 7. c4 g6 8. Nc3 Bg7 9. Qd3 O-O 10. O-O Rb8 11. Re1 Qc7 12. h3 d6 13. b3 Rd8 14. Bf4 Nh5 15. Bh2 Qa5 16. Nd4 c5 17. Nde2 Bb7 18. Rac1 Rf8 19. Qc2 f5 20. exf5 gxf5 21. Nf4 Nxf4 22. Bxf4 Rbe8 23. Bd2 Qc7 24. Nd5 Qd7 25. Bc3 e6 26. Nf4 Bh6 27. Bd2 Qg7 28. Qc3 e5 29. Nd5 Re6 30. Bxh6 Rxh6 31. f4 Rg6 32. Rc2 Rg3 33. Re3 Rxe3 34. Qxe3 exf4 35. Nxf4 Qg5 36. Qe6+ Kh8 37. Qxd6 Rd8 38. Qe5+ Kg8 39. Ne6 Rd1+ 40. Kh2 Qe7 41. Qg3+ Kf7 42. Re2 Qf6 43. Ng5+ Kg6 44. Ne4+ 1-0

[Event "French-ch U12-U14 2024"]
[Site "Agen"]
[Date "2024.04.18"]
[Round "6.16"]
[White "Laignel, Quentin"]
[Black "Negre, Emilie"]
[Result "1-0"]
[ECO "D41"]
[WhiteElo "2023"]
[BlackElo "1922"]
[Annotator "TA"]
[PlyCount "71"]
[EventDate "2024.04.14"]
[EventType "swiss"]
[EventCountry "FRA"]
[SourceTitle "playchess.com"]
[Source "ChessBase"]
[SourceQuality "1"]
[TimeControl "5400+30"]

1. d4 Nf6 2. Nf3 e6 3. c4 d5 4. Nc3 c5 5. cxd5 Nxd5 6. e4 Nxc3 7. bxc3 cxd4 8. cxd4 Bb4+ 9. Bd2 Bxd2+ 10. Qxd2 O-O 11. Bc4 Nd7 12. O-O Nf6 13. e5 Nd5 14. Ng5 Nb6 ({Better is} 14... Bd7 $14) 15. Bb3 {[%emt 0:01:58] White is better.} Bd7 16. Bc2 h6 {[%emt 0:00:20] [#]} (16... g6 $142) 17. Qd3 $1 {[%emt 0:00:36] White has more active pieces.} g6 $1 $11 18. Ne4 Bc6 19. Nd6 Qd7 (19... Nc8 $5 20. Ne4 (20. Nxf7 Rxf7 21. Qxg6+ Kf8 $11) 20... Bxe4 21. Qxe4 Nb6 $18) 20. h4 h5 21. Rfe1 Nc8 22. Qg3 Kg7 23. Qf4 Nxd6 24. Qf6+ Kh7 25. exd6 {[%emt 0:00:09] Threatening mate with Re5.} Qd8 (25... Qxd6 $2 26. Re5 $18) 26. Qe5 (26. Qf4 $1 $14) 26... Qxh4 27. Re3 {[%emt 0:00:26][%cal Be1e3,Be3g3,Bg3g5][%mdl 32] Rh3 is the strong threat.} Kh6 28. Rg3 Rad8 29. Rd1 {[%emt 0:01:18][%cal Od4d5] Threatens to win with d5! Dancing on a razor blade.} Rd7 {[%emt 0:00:00] ...Qd8 would now be deadly.} 30. Qe3+ Kg7 $2 {[%emt 0:00:28] [#]} (30... Kh7 $1 $11 31. Qe5 f5) 31. d5 $4 Bxd5 $4 {[%emt 0:00:32][%mdl 8192] [#]} (31... exd5 $19 32. Rg5 Re8 (32... Rxd6 $2 {is the wrong capture.} 33. Rd4 $18) 33. Rxg6+ fxg6 34. Qxe8 Rxd6) 32. Rg5 $1 $18 f5 ({Much worse is} 32... Rxd6 33. Qe5+ (33. Rd4 Qxg5 34. Qxg5 Rd7 $18) 33... Kg8 34. Rd4 $18) 33. Rd4 {[%emt 0:00:19] Prevents Be4.} f4 (33... Qxg5 $18 34. Qxg5 Kf7) 34. Rxg6+ {[%emt 0:00:18] White mates.} Kh7 35. Rg4+ Kh8 36. Qe5+ {[%emt 0:00:10] Weighted Error Value: White=0.28 (precise) /Black=0.76.  Loses game:     	---       	Black=1      Missed win:     	White=1     	Black=1      Mistake:       	White=2     	Black=3      Inaccurate:     	White=1     	Black=4      OK:         	White=7     	Black=6      Best:        	White=1     	Black=1      Strong:       	White=1     	Black=1} 1-0

[Event "French-ch U12-U14 2024"]
[Site "Agen"]
[Date "2024.04.18"]
[Round "6.17"]
[White "Rodriguez, Augustin"]
[Black "Pon Le Brun, Gregoire"]
[Result "1-0"]
[ECO "B52"]
[WhiteElo "2001"]
[BlackElo "1900"]
[Annotator "TA"]
[PlyCount "134"]
[EventDate "2024.04.14"]
[EventType "swiss"]
[EventCountry "FRA"]
[SourceTitle "playchess.com"]
[Source "ChessBase"]
[SourceQuality "1"]
[TimeControl "5400+30"]

1. e4 c5 2. Nf3 d6 3. Bb5+ Bd7 4. Bxd7+ Qxd7 5. O-O Nc6 6. c3 Nf6 7. Qe2 g6 8. d4 cxd4 9. cxd4 d5 {[%emt 0:00:29] The position is equal.} 10. e5 Ne4 11. Nbd2 Nxd2 12. Bxd2 Bg7 13. Rfe1 h6 14. Bc3 O-O 15. b4 a6 16. a4 Rfc8 17. Qd3 Qf5 18. Qxf5 gxf5 19. Rec1 (19. b5 $2 Nxe5 20. Nxe5 Rxc3 21. bxa6 bxa6 $19 (21... Rxa6 $2 22. g3 $17)) 19... e6 20. Ne1 Na7 21. Nd3 Rc4 22. Nb2 Rc7 23. Nd3 Rac8 $1 24. Bb2 Rc4 25. Ra3 (25. Kf1 $142) 25... Rxc1+ 26. Nxc1 Bf8 27. Nd3 b6 {[%emt 0:00:34] Prevents Nc5} 28. Kf1 Rc4 29. Rb3 (29. a5 $1 $15 b5 (29... Bxb4 $2 30. axb6 Nc6 31. Rxa6 $18) 30. Bc3) 29... Nc6 $17 30. b5 Na5 (30... Nxd4 $2 31. Bxd4 axb5 32. Be3 (32. Bxb6 bxa4 33. Rb5 h5 $18) 32... bxa4 33. Rxb6 $18) 31. Rc3 Rxa4 32. Rc8 (32. bxa6 $17 {was the only chance.} Nc4 (32... Rxd4 $2 33. a7 $18) 33. Bc1) 32... Nc4 $2 (32... axb5 $19 {...Nc4 is the strong threat.} 33. g3 Nb3) 33. Bc1 $11 Kg7 34. Nf4 Ra1 35. Nh5+ Kg6 36. Nf4+ Kh7 37. Rxf8 Rxc1+ {[%emt 0:00:12][%mdl 4096] Endgame. KRN-KRN} 38. Ke2 Kg7 39. Ra8 axb5 40. Nh5+ Kg6 41. Nf6 (41. Nf4+ $1 $11 Kh7 42. Ra7) 41... f4 $1 $19 42. Rg8+ Kf5 43. g4+ fxg3 44. hxg3 Rc2+ $1 (44... b4 45. Rg4 $17) 45. Kf3 Rc3+ (45... Nd2+ $1 $19 46. Ke3 Nc4+ 47. Kf3 Nxe5+ (47... Rc3+ 48. Ke2 $11) 48. dxe5 Kxe5 49. Ng4+ Kd6 50. Nxh6 Rc7) 46. Ke2 $17 Rc2+ (46... b4 47. Rg4 $15) (46... Ra3 $1 $17 47. Ne8 Ra2+ 48. Kf3 Nxe5+ (48... Ra3+ $2 49. Ke2 $19) 49. dxe5 Kxe5) 47. Kf3 $19 {[%emt 0:00:05][%csl Gf3,Gf6,Gg8][%cal Rg3g4] [#]} Nxe5+ 48. dxe5 $17 Kxe5 $19 {[%emt 0:00:06] KRN-KR} 49. Nd7+ Kd4 {[%emt 0:00:55] Threatens to win with ...Rc7.} 50. Nxb6 (50. Rb8 $17 {was worth a try.}) 50... b4 {[%emt 0:00:27] White must now prevent ...Ra2.} 51. Na4 Ra2 $2 ({Black should try} 51... Kc4 $17 {And now ...Kb5 would win.} 52. Rc8+ Kb3 53. Nc5+ Ka2 54. Ra8+ Kb2) 52. Rg4+ $14 Ke5 53. Rxb4 f5 {[%emt 0:00:15] [#]} (53... h5 $16 54. Kg2 d4) 54. Nc5 (54. Nb2 $1 $18) 54... Ra3+ (54... Kd6 $1 $14 55. Nd3 e5 56. Rb6+ (56. Kg2 e4 $16) 56... Kc7 57. Rc6+ (57. Rxh6 e4+ 58. Ke3 exd3 $11) 57... Kxc6 58. Nb4+ (58. Nxe5+ $2 Kc5 $19) 58... Kc5 59. Nxa2 d4) 55. Ke2 $18 Ra2+ 56. Ke3 (56. Kf1 $18) 56... d4+ $2 {[%emt 0:00:30][%mdl 8192] Loses the game.} 57. Rxd4 Ra3+ (57... Kf6 $18 58. Rd6 f4+ 59. gxf4 (59. Kxf4 Rxf2+ 60. Kg4 Re2 $18) 59... Kf5) 58. Rd3 {[%emt 0:01:00] White mates.} Rxd3+ 59. Nxd3+ {[%emt 0:00:09] KN-K3P} Kd5 60. f4 Kc4 61. Ne5+ Kc5 62. Nf7 h5 63. Ne5 Kd5 64. Nd7 Kd6 65. Nf6 Ke7 66. Nxh5 Kf7 67. Kd4 Kg6 {[%emt 0:00:14] Weighted Error Value: White=0.25 (precise) /Black=0.49.  Loses game:     	White=1     	Black=1      Missed win:     	---       	Black=1      Mistake:       	White=6     	Black=7      Inaccurate:     	White=2     	Black=2      OK:         	White=19    	Black=18     Best:        	White=8     	Black=3      Strong:       	---       	Black=3} 1-0

[Event "French-ch U12-U14 2024"]
[Site "Agen"]
[Date "2024.04.18"]
[Round "6.18"]
[White "Baury, Noe"]
[Black "Breuil, Virgile"]
[Result "0-1"]
[ECO "C54"]
[WhiteElo "1991"]
[BlackElo "2307"]
[Annotator "TA"]
[PlyCount "60"]
[EventDate "2024.04.14"]
[EventType "swiss"]
[EventCountry "FRA"]
[SourceTitle "playchess.com"]
[Source "ChessBase"]
[SourceQuality "1"]
[TimeControl "5400+30"]

1. e4 e5 2. Nf3 Nc6 3. Bc4 Bc5 4. c3 Nf6 5. d4 exd4 6. e5 d5 7. Bb5 Ne4 8. cxd4 Bb6 9. Nc3 O-O 10. Be3 h6 11. Rc1 Ne7 12. Bd3 {[%emt 0:07:05] White is slightly better.} f5 13. exf6 Nxf6 14. Qc2 Nc6 15. a3 (15. Bb5 $11) 15... Bg4 $15 16. Na4 Bxf3 17. Nxb6 Bxg2 (17... cxb6 {simplifies} 18. gxf3 Nh5 19. Qd1 Qh4) 18. Rg1 axb6 (18... cxb6 $17 19. Rxg2 Kh8) 19. Rxg2 Kh8 20. Kf1 Qd6 (20... Nh5 {looks sharper.} 21. Qd2 Qd6 22. Bb1 Rae8) 21. Kg1 (21. Bb5 $142) 21... Rae8 22. b4 Re7 23. Rg6 Qd7 24. Bf5 {[%emt 0:01:26] Repels Ng4} Qe8 {[%emt 0:00:42] [#] aiming for ...Rxe3.} 25. Rg3 (25. Kh1 $17 {is a better defense.}) 25... Ne4 $19 26. Bxe4 Rxe4 (26... dxe4 27. Qd1 (27. d5 $2 Ne5 $19)) 27. b5 {[%emt 0:01:39] [#]} (27. Kh1 {was necessary.}) 27... Ne7 $1 ({Less strong is} 27... Nxd4 28. Bxd4 Rxd4 29. Qxc7 $19) 28. Qxc7 Nf5 ({Don't play} 28... Qxb5 29. Qd6 Rf6 30. Qc7) 29. Rg2 Re7 ({Resist} 29... Qxb5 30. Qc2 $19) 30. Qxb6 (30. Qc3) 30... Rxe3 {[%emt 0:00:47] Weighted Error Value: White=0.57/Black=0.23 (precise) .  Mistake:       	White=5     	Black=1      Inaccurate:     	White=2     	Black=3      OK:         	White=3     	Black=5      Best:        	White=2     	Black=4      Strong:       	---       	Black=1} 0-1